 Dungeon Crawl Stone Soup version 0.20.1-1-g8b1a95d (webtiles) character file.

142 graki42 the Firebug (level 5, -3/28 HPs)
             Began as a Deep Elf Fire Elementalist on Aug 8, 2017.
             Slain by a gnoll
             ... wielding a +0 spear
              (7 damage)
             ... on level 2 of the Dungeon.
             The game lasted 00:04:58 (2066 turns).

graki42 the Firebug (Deep Elf Fire Elementalist)    Turns: 2066, Time: 00:04:59

Health: -3/28      AC:  4    Str:  6    XL:     5   Next: 4%
Magic:  13/13      EV:  7    Int: 20    God:
Gold:   117        SH:  0    Dex: 15    Spells: 5/12 levels left

rFire    + . .     SeeInvis .   l - staff of fire
rCold    . . .     Gourm    .   (no shield)
rNeg     . . .     Faith    .   t - +0 robe (curse)
rPois    .         Spirit   .   m - +0 helmet
rElec    .         Reflect  .   u - +0 cloak
rCorr    .         Harm     .   (no gloves)
MR       .....                  (no boots)
Stlth    ++........             (no amulet)
Regen    0.1/turn               (no ring)
MPRegen  0.2/turn               (no ring)

@: very slightly contaminated, held
A: no striking features
a: no special abilities


You were on level 2 of the Dungeon.
You were hungry.

You visited 1 branch of the dungeon, and saw 3 of its levels.

You collected 117 gold pieces.

Inventory:

Hand Weapons
 i - a +1 dagger of holy wrath
Armour
 m - a +0 helmet (worn)
 t - a cursed +0 robe (worn)
 u - a +0 cloak (worn)
Magical Staves
 l - an uncursed staff of fire (weapon)
Jewellery
 a - a +3 ring of strength {unknown}
 o - an uncursed amulet of the gourmand {unknown}
Scrolls
 d - 3 scrolls of identify {unknown}
 f - 2 scrolls of teleportation {unknown}
 g - a scroll of remove curse {unknown}
 j - a scroll of enchant armour {unknown}
 q - a scroll of amnesia {unknown}
Potions
 e - a potion of heal wounds {unknown}
 p - a potion of curing {unknown}
 r - 2 potions of brilliance {unknown}
 s - a potion of resistance {unknown}
Books
 b - a book of Flames

   Spells                             Type                      Level
   a - Flame Tongue                   Conjuration/Fire             1
   b - Throw Flame                    Conjuration/Fire             2
   c - Conjure Flame                  Conjuration/Fire             3
   d - Inner Flame                    Hexes/Fire                   3
   e - Sticky Flame                   Conjuration/Fire             4
   f - Fireball                       Conjuration/Fire             5
Comestibles
 c - 2 bread rations
 h - 3 royal jellies
 k - 3 meat rations


   Skills:
 + Level 3.2 Dodging
 + Level 2.7 Stealth
 + Level 4.4 Spellcasting
 + Level 2.3 Conjurations
 + Level 4.6 Fire Magic


You had 5 spell levels left.
You knew the following spells:

 Your Spells              Type           Power        Failure   Level  Hunger
a - Flame Tongue          Conj/Fire      ####.        3%          1    None
b - Conjure Flame         Conj/Fire      ####....     9%          3    ###....
c - Inner Flame           Hex/Fire       ###.....     14%         3    ###....


Dungeon Overview and Level Annotations

Branches:
Dungeon (3/15)

Altars:
Fedhas
Trog
Zin


Message History

Casting: Flame Tongue
Confirm with . or Enter, or press ? or * to list all spells.
Aiming: Flame Tongue
Press: ? - help, Shift-Dir - straight line, f/p - gnoll
Aim: a gnoll, wielding a spear (lightly wounded, inner flame)
You feel a surge of power!
The flame tongue hits the gnoll.
The gnoll is heavily wounded.
The gnoll hits you from afar with a spear!
Casting: Flame Tongue
Confirm with . or Enter, or press ? or * to list all spells.
Aiming: Flame Tongue
Press: ? - help, Shift-Dir - straight line, f/p - gnoll
Aim: a gnoll, wielding a spear (heavily wounded, inner flame)
You feel a surge of power!
You miscast Flame Tongue.
Nothing appears to happen.
You are feeling hungry.
The gnoll hits you from afar with a spear!
* * * LOW HITPOINT WARNING * * *
It was a potion of magic.
Magic courses through your body.
The gnoll hits you from afar with a spear!
You die...

##...## #.# #...#....... ###.##
#.# ... #...#...##.#
.....#######.# ... #..##.......
###..##......###g#####..###..##..
###............#r#...............
##....#........#g#..###.#######..
##.#..######...#g###.......# #..
##.#..# #...#.# #.##.##.# ###
......# #...#@# #.##...<# ##.##.#
#...### #.##....# ##.##.# #...#
#.##....#####
......#######.######.###.......#
#......#..........##.......###.#
#.####.#..#.##.##.######....##.#
#.#....#..#.).....# #.##.##.##
#.#.......รท....#>.# #[##....[.
#.#....#..#.##.#..######.......##


You could see 3 gnolls and a rat.

Vanquished Creatures
  Natasha (thrice) (D:2)
  3 adders (D:2)
  A leopard gecko (D:2)
  3 bats
  2 giant cockroaches
  6 hobgoblins
  5 kobolds
  2 frilled lizards (D:2)
  9 goblins
  7 rats
41 creatures vanquished.

Notes
Turn   | Place    | Note
-------+----------+-------------------------------------------
     0 | D:1      | graki42 the Deep Elf Fire Elementalist began the quest for the Orb.
     0 | D:1      | Reached XP level 1. HP: 10/10 MP: 6/6
     1 | D:1      | Noticed a minotaur zombie
     4 | D:1      | Noticed a merfolk zombie
   244 | D:1      | Reached XP level 2. HP: 15/15 MP: 4/8
   808 | D:2      | Reached XP level 3. HP: 19/19 MP: 7/10
   831 | D:2      | Learned a level 3 spell: Conjure Flame
   835 | D:2      | Learned a level 3 spell: Inner Flame
   928 | D:2      | Noticed Natasha
   933 | D:2      | Killed Natasha
  1209 | D:2      | Reached XP level 4. HP: 24/24 MP: 10/12
  1479 | D:2      | Noticed Natasha
  1494 | D:2      | Killed Natasha
  1563 | D:2      | Found a bloodstained altar of Trog.
  1608 | D:2      | Noticed Natasha
  1611 | D:2      | Killed Natasha
  1611 | D:2      | Reached XP level 5. HP: 28/28 MP: 10/13
  1706 | D:3      | Found a glowing silver altar of Zin.
  1931 | D:3      | Found a blossoming altar of Fedhas.
  2066 | D:2      | Slain by a gnoll

Skill      XL: |  1  2  3  4 |
---------------+-------------+-----
Fire Magic     | 4 |  4.6
Spellcasting   | 4 |  4.4
Dodging        | 3 |  3.2
Conjurations   | 2 |  2.3
Stealth        | |  2.7

Action                   |  1- 3 |  4- 6 || total
-------------------------+-------+-------++-------
 Cast: Flame Tongue      |    42 |    26 ||    68
       Inner Flame       |       |     1 ||     1
  Use: Potion            |       |     1 ||     1
  Eat: Chunk             |     1 |     2 ||     3
Armor: Robe              |       |     1 ||     1
Dodge: Dodged            |     7 |     1 ||     8
